 Dungeon Crawl Stone Soup version 0.29.1-2-gbd0b4ee654 (webtiles) character file.

Game seed: 11665468139207393118

100 GorkyZ the Covered (level 4, -3/28 HPs)
             Began as a Gargoyle Fighter on Nov 27, 2022.
             Slain by a goblin
             ... wielding a +0 club
             ... led by Robin
              (4 damage)
             ... on level 3 of the Dungeon.
             The game lasted 00:04:35 (1949 turns).

GorkyZ the Covered (Gargoyle Fighter)               Turns: 1949, Time: 00:04:37

Health: -3/28      AC: 13    Str: 27    XL:     4   Next: 73%
Magic:  4/4        EV:  9    Int:  9    God:
Gold:   120        SH:  4    Dex:  9    Spells: 3/3 levels left

rFire   . . .      SeeInvis .   a - +0 war axe
rCold   . . .      Faith    .   c - +0 buckler
rNeg    + . .      Spirit   .   b - +0 scale mail
rPois   ∞          Reflect  .   (no helmet)
rElec   +          Harm     .   (no cloak)
rCorr   .          Rampage  .   m - +0 pair of gloves
Will    .....                   n - +1 pair of boots
Stlth   ..........              (no amulet)
HPRegen 0.09/turn               l - +6 ring of strength
MPRegen 0.09/turn               (no ring)

@: no status effects
A: sickness immunity, AC +3, negative energy resistance 1, electricity
resistance, torment resistance 1, petrification resistance
a: no special abilities


You were on level 3 of the Dungeon.
You visited 1 branch of the dungeon, and saw 3 of its levels.

You collected 120 gold pieces.

Inventory:

Hand Weapons
 a - a +0 war axe (weapon)
Missiles
 e - 5 curare-tipped darts (quivered)
Armour
 b - a +0 scale mail (worn)
 c - a +0 buckler (worn)
 m - a +0 pair of gloves (worn)
 n - a +1 pair of boots (worn)
Jewellery
 l - a +6 ring of strength (left hand)
 p - an amulet of faith
 t - a +6 ring of intelligence
Wands
 w - a wand of roots (8)
Scrolls
 g - 3 scrolls of identify {unknown}
 k - 2 scrolls of silence {unknown}
 r - a scroll of teleportation {unknown}
 s - a scroll of blinking {unknown}
 u - a scroll of torment {unknown}
 v - a scroll of enchant weapon {unknown}
Potions
 d - 2 potions of might
 f - a potion of heal wounds {unknown}
 h - 2 potions of degeneration {unknown}
 i - 2 potions of haste {unknown}
 j - a potion of flight {unknown}
 o - a potion of brilliance {unknown}
 q - a potion of mutation {unknown}


   Skills:
 + Level 3.6 Fighting
 + Level 2.2 Axes
 + Level 1.2 Throwing
 + Level 3.8 Armour
 + Level 0.9 Dodging
 + Level 3.7 Shields
 + Level 1.3 Evocations


You had 3 spell levels left.
You didn't know any spells.
Your spell library contained the following spells:

 Spells                   Type           Power      Damage    Failure   Level
 Magic Dart               Conj           0%         1d3       75%         1
 Call Imp                 Summ           0%         N/A       87%         2
 Gell's Gravitas          Tloc           0%         N/A       98%         3
 Lesser Beckoning         Tloc           0%         N/A       98%         3
 Mephitic Cloud           Conj/Pois/Air  0%         N/A       98%         3
 Teleport Other           Tloc           0%         N/A       98%         3


Dungeon Overview and Level Annotations

Branches:
Dungeon (3/15)

Altars:

Annotations:
D:3 Ijyb, Robin


Innate Abilities, Weirdness & Mutations

You are immune to sickness and miasma.
Your stone body is resilient. (AC +3)
You are immune to poison.
You resist negative energy. (rN+)
You are resistant to electric shocks. (rElec)
You are resistant to unholy torment.
You are immune to petrification.


Message History

Robin hits you but does no damage. The goblin barely misses you.
You block the hobgoblin's attack. The goblin closely misses you.
The goblin hits you but does no damage. The hobgoblin barely misses you.
The goblin hits you but does no damage. You block Robin's attack.
You block Ijyb's attack. The goblin barely misses you.
You miss the goblin. You hit Ijyb but do no damage.
You hit Robin but do no damage. You barely miss the hobgoblin.
You hit the goblin.
You kill the goblin!
You hit the goblin.
You kill the goblin!
You block the goblin's attack.
Robin roars a battlecry!
The goblin goes into a battle-frenzy!
You block Ijyb's attack. You block the hobgoblin's attack.
You closely miss the goblin. You hit the hobgoblin but do no damage.
You barely miss Ijyb. You hit Robin.
Ijyb no longer looks unusually strong.
The goblin hits you but does no damage.
Robin roars a battlecry!
Ijyb goes into a battle-frenzy!
The hobgoblin barely misses you. Ijyb screams, "Me stronger than you!"
Ijyb hits you but does no damage. You block Robin's attack.
Ijyb barely misses you. The goblin hits you but does no damage.
The hobgoblin hits you but does no damage.
You closely miss Robin.
Robin is lightly wounded.
You hit Ijyb. You closely miss the goblin. You slash the hobgoblin!
You kill the hobgoblin!
Robin says, "A pitiful Gargoyle like you will never find the ORB!"
Robin throws the goblin at you! Ijyb hits you but does no damage.
The endoplasm jiggles.
You block the goblin's attack.
You hit Ijyb.
Ijyb is severely wounded.
You hit the goblin but do no damage. You hit Robin. You slash the endoplasm!
You kill the endoplasm!
You block Robin's attack. Ijyb hits you but does no damage.
The goblin hits you with a +0 club.
You die...

.### #.#.......##### ###
....##..................
.##..#........#####.....
.###...>......## .....
..##...........# ##.gg
...#............#... .
............#....)# ...
...†#......†..#.)g#.....
#.............#)@.......
##.#...........gg†#.....
##.#..#.....#.###......#
..............# ##.#...
......#...###.[ .# ..
........... #.# # .
......#.### .. ...
##.....##


You could see Ijyb (strong), Robin and a goblin (strong).

Vanquished Creatures
  2 adders
  4 dart slugs
  3 endoplasms (D:3)
  3 giant cockroaches
  11 goblins
  8 hobgoblins
  8 jackals
  4 kobolds
  2 quokkas (D:2)
  3 ball pythons (D:1)
  6 bats
  5 frilled lizards
  7 rats
66 creatures vanquished.

Notes
Turn   | Place    | Note
-------+----------+-------------------------------------------
     0 | D:1      | GorkyZ the Gargoyle Fighter began the quest for the Orb.
     0 | D:1      | Reached XP level 1. HP: 14/14 MP: 1/1
   106 | D:1      | Reached XP level 2. HP: 17/19 MP: 2/2
   515 | D:1      | Found a faded altar of an unknown god.
   552 | D:1      | Reached XP level 3. HP: 19/23 MP: 3/3
  1233 | D:2      | Reached skill level 1 in Evocations
  1247 | D:2      | Reached skill level 1 in Throwing
  1431 | D:2      | Reached XP level 4. HP: 28/28 MP: 4/4
  1933 | D:3      | Noticed Ijyb
  1933 | D:3      | Noticed Robin
  1944 | D:3      | HP: 1/28 [goblin/+0 dagger of draining[Robin] (2)]
  1949 | D:3      | Slain by a goblin

Illustrated notes

Levels and vault maps discovered:
D:1:      dpeg_arrival_morbid_curiosity, layout_rooms,
          ebering_ecumenical_altar_hall
D:2:      kennysheep_big_flooded_room, layout_basic, minmay_tetromino_t2
D:3:      layout_rooms, kennysheep_nub, kennysheep_cross_room, uniq_robin,
          uniq_ijyb, uniq_crazy_yiuf_cottage

Skill      XL: |  1  2  3 |
---------------+----------+-----
Axes           | 2 |  2.2
Evocations     | 1 |  1.3
Throwing       | 1 |  1.2
Fighting       | |  3.6
Armour         | |  3.8
Dodging        | |  0.9
Shields        | |  3.7

Action                   |  1- 3 |  4- 6 || total
-------------------------+-------+-------++-------
Melee: War axe           |   131 |    51 ||   182
Armor: Scale mail        |    71 |    54 ||   125
Dodge: Dodged            |    62 |    36 ||    98
Block: Buckler           |    13 |    26 ||    39
